Map: Moonlight Madness LE (Void)

Players

SticklerMac

  • Race: Zerg Zerg
  • League: Silver

Orion - Winner!

  • Race: Protoss Protoss
  • League: Silver

VOD

Have the link to the VOD?

Description

Time

  • Played on: Oct. 12, 2015, 8:34 p.m.
  • Length: 21:25
Show
View Real Time Build Order
Export as new Build Order

SticklerMac Zerg 

Build Orders: Hatch First 

Get SALT Encoding   

  12  0:01  Drone  
  13  0:12  Overlord  
  13  0:17  Drone  
  14  0:31  Drone x2  
  14  0:35  Drone  
  17  0:55  Hatchery  
  16  0:59  Drone  
  16  1:02  Drone  
  18  1:06  Extractor  
  17  1:19  Drone x2  
  17  1:25  Spawning Pool  
  18  1:33  Drone  
  18  1:39  Drone  
  20  1:50  Overlord  
  21  2:01  Drone  
  21  2:12  Drone x2  
  21  2:13  Metabolic Boost  
  21  2:15  Queen  
  25  2:16  Queen  
  25  2:20  Drone  
  25  2:21  Drone  
  29  2:30  Zergling x2  
  30  2:40  Zergling x4  
  32  2:44  Drone  
  32  2:51  Zergling x2  
  34  2:56  Drone  
  35  3:11  Zergling x2  
  36  3:17  Overlord x3  
  36  3:30  Hatchery, Zergling x2  
  36  3:36  Zergling x2  
  36  3:37  Zergling x10  
  36  3:38  Zergling x2  
  43  3:46  Zergling x2  
  43  3:49  Drone  
  43  3:53  Queen  
  43  3:54  Queen  
  48  3:57  Drone x3  
  48  3:58  Drone x3  
  54  4:06  Drone x2  
  52  4:34  Drone x4  
  52  4:35  Drone x4  
  58  4:47  Zergling x4  
  58  4:48  Zergling x6  
  61  4:53  Drone x2  
  61  4:55  Extractor  
  61  4:59  Queen  
  64  5:15  Roach Warren  
  64  5:18  Evolution Chamber, Lair  
  62  5:24  Drone x3  
  62  5:28  Overlord, Extractor  
  64  5:29  Overlord x5  
  61  5:57  Drone  
  61  5:59  Drone x6  
  61  6:00  Drone x2  
  69  6:06  Zergling x2  
  70  6:11  Drone x3  
  70  6:12  Drone  
  67  6:49  Roach  
  67  6:50  Roach x15  
  87  7:04  Roach x3, Zergling x2  
  87  7:05  Roach  
  93  7:12  Roach x2, Zergling x2  
  92  7:19  Roach x3  
  83  7:34  Drone x5  
  88  7:37  Queen x2  
  88  7:38  Queen  
  94  7:46  Spine Crawler  
  94  7:50  Spine Crawler  
  91  7:51  Spine Crawler  
  83  8:03  Roach  
  83  8:04  Roach x7  
  83  8:05  Spine Crawler  
  96  8:06  Spine Crawler  
  96  8:07  Spine Crawler x2  
  91  8:24  Ravager x6  
  97  8:28  Zergling x2  
  97  8:29  Zergling x10  
  97  8:33  Zergling x2  
  104  8:39  Zergling x2  
  104  8:40  Zergling x2  
  106  8:44  Overlord  
  106  8:49  Overseer  
  106  8:51  Overseer  
  106  8:54  Overseer  
  106  9:05  Zergling x14  
  106  9:06  Zergling x2  
  114  9:28  Overlord x2  
  114  9:29  Overlord x3  
  95  9:59  Overseer  
  74  10:05  Roach x9  
  71  10:18  Roach  
  71  10:19  Roach x2  
  73  10:29  Roach  
  73  10:30  Zergling x4  
  77  10:37  Roach  
  77  10:39  Zergling x4  
  81  10:50  Queen  
  81  10:54  Hatchery  
  82  11:03  Roach, Zergling x2  
  82  11:04  Zergling x20  
  93  11:09  Evolution Chamber  
  94  11:12  Evolution Chamber  
  94  11:13  Zergling x6  
  96  11:31  Drone x11  
  107  11:41  Zerg Ground Armor Level 1, Zerg Melee Weapons Level 1  
  107  11:46  Drone x4  
  111  11:47  Spire  
  110  11:56  Extractor  
  110  12:00  Drone x5  
  110  12:01  Drone x3  
  117  12:06  Extractor  
  117  12:07  Extractor  
  115  12:09  Roach  
  115  12:10  Roach x3  
  115  12:12  Zergling x2  
  122  13:05  Mutalisk x2  
  126  13:06  Drone x5  
  126  13:07  Drone x5  
  126  13:08  Mutalisk  
  126  13:09  Mutalisk x6  
  150  13:19  Zergling x2  
  152  13:20  Zergling x2  
  152  13:21  Overlord x6  
  152  13:22  Overlord x4  
  152  13:37  Hatchery, Overlord x3  
  152  13:38  Overlord x2  
  151  13:55  Mutalisk  
  151  13:56  Mutalisk x6  
  151  13:59  Zergling x24  
  151  14:00  Zergling x2  
  178  14:08  Mutalisk  
  178  14:09  Mutalisk  
  174  14:16  Mutalisk  
  176  14:17  Mutalisk  
  176  14:21  Zergling x2  
  176  14:22  Zergling x10  
  176  14:37  Zergling x4  
  176  14:38  Zergling x14  
  139  14:39  Zergling x2  
  111  14:55  Zergling x2  
  111  14:56  Zergling x16  
  111  14:57  Zergling x2  
  109  15:26  Zergling x6  
  109  15:27  Zergling x18  
  100  15:48  Zergling x2  
  100  15:49  Zergling x22  
  103  15:58  Mutalisk x4  
  104  16:12  Queen  
  104  16:13  Mutalisk  
  104  16:14  Mutalisk x3  
  114  16:19  Zerg Melee Weapons Level 2  
  114  16:23  Mutalisk, Zerg Flyer Armor Level 1  
  114  16:24  Mutalisk x3  
  122  16:39  Zergling x2  
  123  16:40  Zergling x4  
  125  16:48  Hatchery  
  118  16:57  Mutalisk x2, Zergling x2  
  118  16:58  Mutalisk x6  
  132  17:13  Mutalisk  
  132  17:14  Mutalisk x2  
  128  17:31  Zergling x2  
  128  17:32  Zergling x22  
  123  17:49  Zergling x2  
  123  17:50  Zergling x6  
  83  18:29  Mutalisk x9  
  86  18:38  Mutalisk  
Show
View Real Time Build Order
Export as new Build Order

Orion Protoss - Winner!

Build Orders: Nexus First 

Get SALT Encoding   

  12  0:01  Probe (Chrono Boost)  
  13  0:15  Probe (Chrono Boost)  
  13  0:19  Pylon  
  14  0:26  Probe (Chrono Boost)  
  15  0:38  Probe (Chrono Boost)  
  16  0:56  Nexus  
  16  1:05  Gateway  
  16  1:11  Probe (Chrono Boost)  
  17  1:22  Probe (Chrono Boost)  
  17  1:24  Assimilator  
  17  1:25  Assimilator  
  19  1:32  Probe (Chrono Boost)  
  19  1:43  Probe (Chrono Boost)  
  20  1:55  Cybernetics Core  
  20  1:58  Probe (Chrono Boost)  
  21  2:04  Pylon  
  21  2:09  Probe (Chrono Boost)  
  21  2:10  Gateway  
  21  2:11  Probe (Chrono Boost)  
  23  2:20  Probe (Chrono Boost)  
  23  2:22  Probe (Chrono Boost)  
  25  2:31  Probe (Chrono Boost)  
  26  2:46  Probe x2 (Chrono Boost)  
  26  2:50  Warp Gate  
  28  2:56  Probe x2 (Chrono Boost)  
  30  2:59  Adept  
  30  3:02  Adept  
  34  3:07  Probe x2 (Chrono Boost)  
  35  3:18  Mothership Core (Chrono Boost), Probe (Chrono Boost)  
  38  3:28  Probe (Chrono Boost)  
  39  3:34  Pylon  
  39  3:51  Pylon  
  39  3:53  Pylon  
  39  3:57  Probe x2 (Chrono Boost)  
  39  4:01  Stalker  
  43  4:06  Gateway  
  43  4:07  Gateway  
  43  4:08  Probe x2 (Chrono Boost)  
  45  4:18  Probe x2 (Chrono Boost), Robotics Facility  
  29  4:50  Probe x2 (Chrono Boost)  
  24  5:01  Probe x2 (Chrono Boost)  
  24  5:03  Adept x4  
  34  5:11  Probe x2 (Chrono Boost)  
  34  5:12  Warp Prism  
  38  5:22  Probe x2 (Chrono Boost)  
  38  5:24  Sentry x4  
  48  5:32  Probe (Chrono Boost)  
  48  5:33  Probe (Chrono Boost)  
  50  5:43  Probe x2 (Chrono Boost)  
  52  5:53  Probe (Chrono Boost)  
  52  5:54  Probe (Chrono Boost), Assimilator x2  
  52  5:56  Pylon  
  54  5:58  Pylon x2  
  55  6:04  Probe x2 (Chrono Boost)  
  56  6:15  Probe x2 (Chrono Boost)  
  56  6:17  Zealot x4  
  66  6:28  Probe x2 (Chrono Boost)  
  68  6:39  Probe x2 (Chrono Boost)  
  64  6:56  Zealot x4  
  72  7:15  Immortal (Chrono Boost)  
  72  7:16  Stalker x2  
  72  7:17  Stalker x2  
  76  7:32  Probe  
  76  7:34  Probe  
  78  7:41  Gateway  
  78  7:43  Probe, Gateway  
  78  7:45  Gateway  
  78  7:46  Probe  
  78  7:49  Pylon  
  82  7:51  Immortal (Chrono Boost)  
  82  7:53  Probe  
  83  8:08  Zealot  
  83  8:09  Zealot x2  
  93  8:27  Immortal (Chrono Boost)  
  93  8:47  Twilight Council, Robotics Bay  
  93  8:50  Pylon  
  93  9:01  Immortal (Chrono Boost)  
  97  9:07  Nexus  
  97  9:09  Pylon  
  97  9:11  Pylon  
  97  9:12  Sentry x4  
  97  9:13  Sentry x2  
  109  9:27  Charge  
  109  9:35  Observer (Chrono Boost)  
  88  9:54  Zealot x5  
  74  10:44  Extended Thermal Lance, Dark Shrine  
  74  10:46  Disruptor (Chrono Boost)  
  74  10:47  Nexus  
  74  10:49  Pylon  
  77  10:50  Pylon  
  77  10:51  Probe  
  77  10:52  Probe  
  77  10:53  Probe, Pylon  
  77  10:55  Assimilator  
  80  10:59  Assimilator  
  80  11:02  Probe x2  
  80  11:03  Stalker x2  
  80  11:04  Stalker x2  
  87  11:05  Sentry x3, Probe  
  97  11:13  Probe x2  
  97  11:17  Probe, Disruptor (Chrono Boost), Blink  
  103  11:23  Probe  
  104  11:27  Probe, Forge  
  104  11:28  Forge  
  104  11:29  Probe  
  104  11:31  Pylon  
  104  11:32  Assimilator  
  106  11:33  Assimilator  
  106  11:34  Probe, Pylon  
  106  11:37  Probe  
  108  11:42  Probe  
  108  11:44  Probe  
  110  11:48  Probe, Disruptor (Chrono Boost)  
  110  11:54  Probe  
  115  11:55  Probe  
  116  12:03  Pylon  
  116  12:16  Dark Templar x2  
  116  12:17  Dark Templar, Zealot x2  
  116  12:18  Gateway, Zealot x2  
  116  12:19  Disruptor (Chrono Boost)  
  116  12:20  Gateway  
  116  12:22  Gateway  
  133  12:25  Gateway  
  119  12:50  Colossus (Chrono Boost)  
  125  12:57  Zealot x2  
  125  12:58  Zealot x5  
  139  13:18  Templar Archives  
  139  13:21  Gateway  
  139  13:23  Stalker x2  
  139  13:26  Gateway  
  143  13:29  Pylon  
  143  13:31  Pylon  
  143  13:37  Colossus (Chrono Boost)  
  149  13:50  Protoss Ground Weapons Level 1  
  149  13:51  Protoss Ground Armor Level 1  
  149  13:57  Zealot x4  
  149  13:58  Zealot x5  
  149  13:59  Zealot x2  
  81  14:54  High Templar x3  
  81  14:55  High Templar x5  
  81  14:56  High Templar x2  
  81  14:58  Archon  
  81  14:59  Archon x3  
  93  15:00  Archon  
  81  15:18  Zealot  
  81  15:19  Zealot  
  70  15:32  Zealot  
  70  15:33  Zealot x5  
  70  15:34  Zealot x4  
  70  15:35  Zealot  
  86  15:48  Stalker  
  86  15:49  Stalker  
  82  16:06  Stalker  
  82  16:07  Stalker x3  
  82  16:08  Stalker x5  
  100  16:29  Pylon  
  100  16:30  Pylon  
  100  16:31  Zealot x6  
  100  16:32  Pylon, Zealot x5  
  120  16:33  Zealot x2  
  126  16:43  Gateway  
  126  16:46  Gateway  
  126  16:47  Pylon  
  126  16:50  Gateway  
  126  16:51  High Templar  
  126  16:52  High Templar x3  
  130  16:55  Archon  
  130  16:56  Archon  
  130  17:01  Zealot x5  
  116  17:02  Zealot x3  
  120  17:48  Zealot x3  
  120  17:49  Zealot x6  
  120  17:50  Zealot x2  
  138  18:13  Pylon  
  138  18:17  Pylon  
  138  18:18  Pylon  
  124  18:27  Nexus  
  124  18:29  Pylon  
  100  18:43  High Templar x2  
  100  18:44  High Templar x4  
  100  18:45  High Templar x2  
  100  18:47  Archon  
  100  18:48  Archon x2  
  104  18:49  Archon  
  92  19:01  Zealot x4  
  92  19:02  Zealot x4  
  98  19:22  Stalker x5  
  98  19:23  Stalker x2  
  98  19:24  Stalker  
  112  19:25  Assimilator  
  112  19:26  Assimilator  
  112  19:29  Pylon  
  110  19:32  Pylon  
  87  19:53  Zealot x2  
  87  19:54  Zealot x4  
  87  19:55  Zealot x6  
  87  19:56  Zealot x2  
  115  20:15  Photon Cannon  
  115  20:17  Photon Cannon x2  
  85  21:04  Dark Templar x2  
  85  21:05  Dark Templar x2  
Tags
 
Add a new tag
Caveats
  • Supply blocks, unpowered buildings, or Contaminate may cause inaccurate times.
  • Supply counts are checked every 10 seconds.